 Dungeon Crawl Stone Soup version 0.22-b1-59-g0aedee7 (webtiles) character file.

357 Lilu the Sneak (level 6, -8/28 HPs)
             Began as a Spriggan Enchanter on Aug 9, 2018.
             Killed from afar by an orc wizard (9 damage)
             ... with a magic dart
             ... on level 3 of the Dungeon.
             The game lasted 00:14:58 (4855 turns).

Lilu the Sneak (Spriggan Enchanter)                 Turns: 4855, Time: 00:14:59

Health: -8/28      AC:  2    Str:  6    XL:     6   Next: 36%
Magic:  7/11       EV: 26    Int: 17    God:
Gold:   87         SH:  0    Dex: 16    Spells: 7/10 levels left

rFire    . . .     SeeInvis +   k - +1 dagger (speed)
rCold    . . .     Gourm    .   (shield restricted)
rNeg     . . .     Faith    .   b - +0 robe
rPois    +         Spirit   .   (helmet restricted)
rElec    .         Reflect  .   (no cloak)
rCorr    .         Harm     .   (gloves unavailable)
MR       +....                  (boots unavailable)
Stlth    ++++......             (no amulet)
HPRegen  0.09/turn              m - ring of poison resistance
MPRegen  0.12/turn              o - +4 ring of evasion

@: starving, slowed, quick
A: very small, unfitting armour, see invisible, herbivore, speed 3, slow
metabolism 2
a: no special abilities


You were on level 3 of the Dungeon.
You were starving.

You visited 1 branch of the dungeon, and saw 3 of its levels.

You collected 87 gold pieces.

Inventory:

Hand Weapons
 k - a +1 dagger of speed (weapon)
 n - a +0 hunting sling
Missiles
 h - 20 sling bullets
 j - 72 stones (quivered)
 l - 21 arrows
Armour
 b - a +0 robe (worn)
Jewellery
 m - a ring of poison resistance (left hand)
 o - a +4 ring of evasion (right hand)
Scrolls
 c - a scroll of enchant weapon {unknown}
 g - a scroll of random uselessness {unknown}
 i - 2 scrolls of remove curse {unknown}
 q - a scroll of identify {unknown}
 r - a scroll of blinking {unknown}
Potions
 a - a potion of berserk rage {unknown}
 e - a potion of might
 f - a potion of heal wounds {unknown}
 p - a potion of curing {unknown}
Comestibles
 d - 2 rations


   Skills:
 - Level 1.1 Short Blades
 - Level 7.0 Dodging
 - Level 7.1 Stealth
 - Level 2.6 Spellcasting
 + Level 5.3 Hexes


You had 7 spell levels left.
You knew the following spells:

 Your Spells              Type           Power        Failure   Level  Hunger
a - Corona                Hex            ###....      1%          1    #......
b - Ensorcelled Hibernat  Hex/Ice        ##....       9%          2    ##.....

Your spell library contained the following spells:

 Spells                   Type           Power        Failure   Level  Hunger
 Confuse                  Hex            ###.....     6%          3    ###....
 Tukima's Dance           Hex            ###.....     6%          3    ###....
 Dazzling Spray           Conj/Hex       ##....       19%         3    ###....


Dungeon Overview and Level Annotations

Branches:
Dungeon (3/15)

Altars:
Cheibriados
Zin

Annotations:
D:3 Sigmund


Innate Abilities, Weirdness & Mutations

You are very small and have problems with some larger weapons.
You are too small for most types of armour.
You have supernaturally acute eyesight. (SInv)
You are a herbivore.
You cover ground extremely quickly.
You need to consume almost no food.


Message History

You hit the orc wizard but do no damage.
The orc wizard is almost dead.
The orc wizard misses you. x2
You barely miss the orc wizard.
The orc wizard is almost dead.
The orc wizard gestures at you while chanting.
The magic dart hits you!
* * * LOW HITPOINT WARNING * * *
Okay, then.
Casting: Corona (safe; 1% risk of failure)
Confirm with . or Enter, or press ? or * to list all spells.
Aiming: Ensorcelled Hibernation (safe; 9% risk of failure)
Press: ? - help, Shift-Dir - straight line, f/p - orc wizard
Aim: an orc wizard, wielding a dagger and wearing a robe (almost dead, fast, softly glowing, chance to defeat MR: 42%)
The orc wizard resists with some effort.
You are starving!
The orc wizard completely misses you. The orc wizard barely misses you.
The orc wizard points at you and mumbles some strange words.
The magic dart hits you!
You die...

##########
#..)@....#
#.###ow.....#
##.###.##.##.#
#.†....# #
#..##.....
#..###.##.
#..###.##
#........
##.####.##
#####


You could see a worm and an orc wizard.

Vanquished Creatures
  An orc priest (D:3)
  3 orc wizards (D:3)
  Terence (D:3)
  Jessica (D:3)
  Natasha (twice) (D:2)
  Robin (D:2)
  3 adders
  A worm (D:2)
  A dart slug (D:1)
  5 leopard geckos
  4 orcs (D:3)
  5 bats
  7 giant cockroaches
  22 goblins
  12 hobgoblins
  4 jackals (D:2)
  8 kobolds
  A quokka (D:3)
  2 ball pythons
  4 frilled lizards
  8 rats
96 creatures vanquished.

Notes
Turn   | Place    | Note
-------+----------+-------------------------------------------
     0 | D:1      | Lilu the Spriggan Enchanter began the quest for the Orb.
     0 | D:1      | Reached XP level 1. HP: 9/9 MP: 5/5
   322 | D:1      | Reached skill level 5 in Stealth
   399 | D:1      | Reached XP level 2. HP: 10/13 MP: 6/6
   412 | D:1      | Learned a level 2 spell: Ensorcelled Hibernation
  1483 | D:1      | Reached XP level 3. HP: 13/16 MP: 8/8
  1647 | D:2      | Found a snail-covered altar of Cheibriados.
  1709 | D:2      | Noticed Robin
  2154 | D:2      | Killed Robin
  2212 | D:2      | Reached XP level 4. HP: 5/21 MP: 0/9
  2642 | D:2      | Noticed Natasha
  2646 | D:2      | Killed Natasha
  2834 | D:2      | Reached skill level 5 in Dodging
  3173 | D:2      | Noticed Natasha
  3193 | D:2      | Killed Natasha
  3193 | D:2      | Reached XP level 5. HP: 24/24 MP: 5/10
  3418 | D:3      | Noticed Jessica
  3420 | D:3      | Killed Jessica
  3701 | D:3      | Found a glowing silver altar of Zin.
  3994 | D:3      | Noticed Terence
  4093 | D:3      | Killed Terence
  4324 | D:3      | Noticed Sigmund
  4349 | D:3      | Reached XP level 6. HP: 9/28 MP: 11/11
  4505 | D:3      | Reached skill level 5 in Hexes
  4853 | D:3      | HP: 1/28 [orc wizard/magic dart (7)]
  4855 | D:3      | Killed from afar by an orc wizard

Skill      XL: |  1  2  3  4  5  6 |
---------------+-------------------+-----
Stealth        | 5 6 7 |  7.1
Dodging        | 5 7 |  7.0
Hexes          | 4 5 |  5.3
Short Blades   | |  1.1
Spellcasting   | |  2.6

Action                   |  1- 3 |  4- 6 || total
-------------------------+-------+-------++-------
Melee: Dagger            |   170 |   359 ||   529
 Cast: Corona            |     5 |     5 ||    10
       Ensorcelled Hiber |     8 |    15 ||    23
 Stab: Sleeping          |    21 |    14 ||    35
       Distracted        |       |     1 ||     1
       Confused          |       |     1 ||     1
  Eat: Ration            |       |     1 ||     1
Armor: Robe              |    10 |     8 ||    18
Dodge: Dodged            |   115 |   218 ||   333
